 Dungeon Crawl Stone Soup version 0.30.0-29-ga12c61a403 (webtiles) character file.

Game seed: 6822221312467915354

378 qw the Chopper (level 6, -1/38 HPs)
             Began as a Gargoyle Fighter on June 2, 2023.
             Slain by Dowan
             ... wielding a +0 trident
              (4 damage)
             ... on level 4 of the Dungeon.
             The game lasted 00:01:22 (2208 turns).

qw the Chopper (Gargoyle Fighter)                   Turns: 2208, Time: 00:01:23

Health: -1/38      AC: 14    Str: 22    XL:     6   Next: 74%
Magic:  0/6        EV:  8    Int:  8    God:
Gold:   95         SH:  4    Dex:  9    Spells: 5/5 levels left

rFire   . . .        Y - +0 war axe
rCold   . . .        c - +0 buckler
rNeg    + . .        e - +0 chain mail
rPois   inf          (no helmet)
rElec   +            (no cloak)
rCorr   .            b - +0 pair of gloves
SInv    .            (no boots)
Will    .....        j - amulet of guardian spirit Stlth
                     (no ring)
HPRegen 0.26/turn    (no ring)
MPRegen 0.10/turn

%: guardian spirit
@: no status effects
A: sickness immunity, AC +4, negative energy resistance 1, electricity
resistance, torment resistance 1, petrification resistance
a: no special abilities


You were on level 4 of the Dungeon.
You visited 1 branch of the dungeon, and saw 4 of its levels.

You collected 95 gold pieces.


Innate Abilities, Weirdness & Mutations

You are immune to sickness and miasma.
Your stone body is resilient. (AC +4)
You are immune to poison.
You resist negative energy. (rN+)
You are resistant to electric shocks. (rElec)
You are resistant to unholy torment.
You are immune to petrification.


   Skills:
 - Level 4.0 Fighting
 - Level 6.0 Axes
 - Level 3.2 Armour
 + Level 0.0 Dodging
 - Level 3.2 Shields


You had 5 spell levels left.
You didn't know any spells.
Your spell library was empty.

Inventory:

Hand Weapons
 k - a +0 flail
 Y - a +0 war axe (weapon)
Armour
 b - a +0 pair of gloves (worn)
 c - a +0 buckler (worn)
 e - a +0 chain mail (worn)
Jewellery
 j - an amulet of guardian spirit (around neck)
Scrolls
 m - a scroll of identify
Potions
 a - a potion of brilliance {unknown}
 d - a potion of might
 g - a potion of flight {unknown}
 h - a potion of degeneration {unknown}
 l - a potion of magic {unknown}
 n - a potion of curing {unknown}
 o - a potion of cancellation {unknown}

Dungeon Overview and Level Annotations

Branches:
Dungeon (4/15)
 Temple: D:4-7

Altars:
Makhleb

Annotations:
D:4 Dowan


Message History

2196 ||| Stepping ~*~*~tactically~*~*~ (stealth).
You start resting.
Dowan is nearby!
Dowan shouts!
Dowan seems to find hidden reserves of power!
Dowan points at you and mumbles some strange words.
The shard of ice hits you!
2199 ||| Stepping ~*~*~tactically~*~*~ (hiding).
Found a stone staircase leading up.
A scorpion comes into view.
2200 ||| Stepping ~*~*~tactically~*~*~ (hiding).
Dowan barely misses you.
Dowan gestures wildly while chanting.
Dowan blinks!
Dowan mumbles some strange words.
Dowan blinks!
You barely miss the scorpion. The scorpion stings you.
Dowan casts a spell.
Dowan blinks!
The scorpion stings you but does no damage.
You closely miss the scorpion.
Dowan hits you from afar with a +0 trident.
The scorpion stings you. You block Dowan's attack.
You slash the scorpion!
The scorpion is almost dead.
Dowan hits you from afar with a +0 trident.
The scorpion stings you. Dowan barely misses you.
The scorpion stings you but does no damage.
You slash the scorpion!
You kill the scorpion!
Dowan points at you and mumbles some strange words.
The stone arrow misses you.
Dowan says, "Her death will not be in vain!"
Dowan hits you but does no damage.
Your Axes skill increases to level 6!
You block Dowan's attack.
You closely miss Dowan. Dowan hits you with a +0 trident.
You die...

... .# ... ..# . ..###
#.# . ......#.# .#
###..##.#.#####.#
#..........g....####
#.#.....#.#g##.......#
#.#.)..e.<#)##.####
#.....@...#......<#
###.#...#..####.####
........#.......#
####....#..######
....#....>......
....##..#.######
....##..#......#
...............#
################


You could see Dowan (fast).

Vanquished Creatures
  Duvessa (D:4)
  A scorpion (D:4)
  3 iron imps (D:3)
  Terence (D:2)
  2 gnolls (D:4)
  3 adders
  A worm (D:3)
  4 dart slugs
  7 orcs
  6 endoplasms
  2 giant cockroaches
  6 goblins
  2 hobgoblins (D:1)
  4 kobolds
  4 quokkas
  5 ball pythons
  A frilled lizard (D:1)
  4 rats
57 creatures vanquished.

Notes
Turn   | Place    | Note
-------+----------+-------------------------------------------
     0 | D:1      | qw the Gargoyle Fighter began the quest for the Orb.
     0 | D:1      | Reached XP level 1. HP: 14/14 MP: 1/1
     0 | D:1      | 0 ||| qw: Version: 0.2-a-102-gdf20003
     0 | D:1      | 0 ||| qw: Game counter: 917
     0 | D:1      | 0 ||| qw: Always use a shield: true
     0 | D:1      | 0 ||| qw: God list: Okawaru
     0 | D:1      | 0 ||| qw: Allow faded altars: false
     0 | D:1      | 0 ||| qw: Do Orc after D:15 true
     0 | D:1      | 0 ||| qw: Do second Lair branch before Depths: true
     0 | D:1      | 0 ||| qw: Lair rune preference: random
     0 | D:1      | 0 ||| qw: Plans: Normal, Zot:1-4, Slime:5, God:TSO, Crypt,
                  | Tomb, Pan, Hells, Abyss, Win
     0 | D:1      | 0 ||| PLANNING D:1-11
    81 | D:1      | Reached skill level 2 in Axes
    91 | D:1      | 91 ||| UPGRADING to +0 chain mail.
    98 | D:1      | Reached XP level 2. HP: 16/19 MP: 2/2
   108 | D:1      | 108 ||| UPGRADING to +0 chain mail.
   118 | D:1      | 118 ||| DROPPING +0 scale mail.
   152 | D:1      | 152 ||| READING scroll labelled FUCEYC QASA.
   393 | D:1      | 393 ||| Stepping ~*~*~tactically~*~*~ (stealth).
   409 | D:1      | Reached skill level 3 in Axes
   420 | D:1      | 420 ||| READING scroll labelled PUIQIL PAENURO.
   421 | D:1      | 421 ||| READING scroll labelled EFAAQA HOSKUO.
   466 | D:1      | Reached XP level 3. HP: 23/23 MP: 3/3
   732 | D:1      | 732 ||| UPGRADING to +0 pair of gloves.
   737 | D:1      | 737 ||| READING scroll labelled JEAPROLOHAIKA.
   847 | D:2      | 847 ||| DROPPING +0 club.
   859 | D:2      | Noticed Terence
   876 | D:2      | Killed Terence
   956 | D:2      | Reached XP level 4. HP: 24/28 MP: 4/4
  1017 | D:2      | Reached skill level 4 in Axes
  1040 | D:2      | 1040 ||| DROPPING +0 mace.
  1122 | D:2      | Found a faded altar of an unknown god.
  1384 | D:2      | 1384 ||| UPGRADING to amulet of guardian spirit.
  1389 | D:2      | 1389 ||| READING scroll labelled OSAEMU UNARR.
  1390 | D:2      | 1390 ||| READING scroll labelled WUMUCI HAKKE.
  1468 | D:3      | 1468 ||| Stepping ~*~*~tactically~*~*~ (hiding).
  1618 | D:3      | Identified the +3 ring mail "Seckuepho" {rPois}
  1630 | D:3      | Found a burning altar of Makhleb.
  1664 | D:3      | Reached XP level 5. HP: 32/32 MP: 5/5
  1680 | D:3      | Reached skill level 5 in Axes
  1877 | D:3      | 1877 ||| DROPPING +3 ring mail "Seckuepho" {rPois}.
  1878 | D:3      | 1878 ||| READING scroll labelled EPTATU QOAG.
  1879 | D:3      | 1879 ||| READING 2 scrolls labelled YDIOKORANI.
  1883 | D:3      | 1883 ||| READING scroll labelled ZUINEO RAJI.
  1884 | D:3      | 1884 ||| READING scroll labelled AVI WA ENODITHU.
  2030 | D:4      | 2030 ||| Stepping ~*~*~tactically~*~*~ (hiding).
  2118 | D:4      | 2118 ||| Stepping ~*~*~tactically~*~*~ (stealth).
  2120 | D:4      | 2120 ||| Stepping ~*~*~tactically~*~*~ (stealth).
  2128 | D:4      | Noticed Duvessa
  2140 | D:4      | Killed Duvessa
  2141 | D:4      | Reached XP level 6. HP: 16/38 MP: 1/6
  2149 | D:4      | HP: 8/38 [gnoll/+0 whip (3)]
  2150 | D:4      | 2150 ||| READING scroll of teleportation.
  2191 | D:4      | Noticed Dowan
  2192 | D:4      | 2192 ||| Stepping ~*~*~tactically~*~*~ (stealth).
  2194 | D:4      | 2194 ||| Stepping ~*~*~tactically~*~*~ (stealth).
  2195 | D:4      | 2195 ||| Stepping ~*~*~tactically~*~*~ (stealth).
  2196 | D:4      | 2196 ||| Stepping ~*~*~tactically~*~*~ (stealth).
  2199 | D:4      | 2199 ||| Stepping ~*~*~tactically~*~*~ (hiding).
  2200 | D:4      | 2200 ||| Stepping ~*~*~tactically~*~*~ (hiding).
  2204 | D:4      | HP: 6/38 [scorpion (4)]
  2205 | D:4      | HP: 2/38 [scorpion (1)]
  2207 | D:4      | Reached skill level 6 in Axes
  2208 | D:4      | Slain by Dowan

Levels and vault maps discovered:
D:1:      grunt_arrival_crossed_arrows, layout_basic, serial_glass,
          glass_columns_c, glass_columns_c, glass_columns_b, glass_columns_c,
          item_on_display_a, minmay_strange_pillars, due_unseen_surprise,
          item_on_display_a
D:2:      layout_loops_ring, shapermc_ecumenical_altar_mp_ritualfount,
          chequers_jeans, uniq_terence
D:3:      layout_rooms, demons_altar
D:4:      layout_basic, minitemple, uniq_duvessa

Skill      XL: |  1  2  3  4  5  6 |
---------------+-------------------+-----
Axes           | 2 3 4 5 6 |  6.0
Fighting       | 4 |  4.0
Armour         | |  3.2
Shields        | |  3.2

Action                     |  1- 3 |  4- 6 || total
---------------------------+-------+-------++-------
  Melee: War axe           |    92 |   101 ||   193
  Throw: Boomerang         |       |    37 ||    37
    Use: Scroll            |     4 |     7 ||    11
 Armour: Scale mail        |     2 |       ||     2
         Chain mail        |    54 |    41 ||    95
  Dodge: Dodged            |    24 |    46 ||    70
  Block: Buckler           |    13 |    19 ||    32

Table legend:
 A = Non-vault XP
 B = Vault XP
 C = Vault XP percentage of total XP
 D = Non-vault monster count
 E = Vault monster count
 F = Vault count percentage of total count
                 A         B        C        D         E       F
            +---------+---------+-------+---------+---------+-------
      Total |     241 |     299 |  55.4 |      52 |       5 |   8.8
            +---------+---------+-------+---------+---------+-------
        D:1 |      37 |       0 |   0.0 |      20 |       0 |   0.0
        D:2 |      46 |      36 |  43.9 |      11 |       1 |   8.3
        D:3 |      49 |     121 |  71.2 |      16 |       3 |  15.8
        D:4 |     109 |     142 |  56.6 |       5 |       1 |  16.7
            +---------+---------+-------+---------+---------+-------
